 Dungeon Crawl Stone Soup version 0.17.0-26-gececa24 (webtiles) character file.

204 4thArraOfDagon the Skirmisher (level 5, -5/39 HPs)
             Began as a High Elf Arcane Marksman on Nov 20, 2015.
             Slain by a worker ant (6 damage)
             ... on level 6 of the Dungeon.
             The game lasted 00:05:17 (915 turns).

4thArraOfDagon the Skirmisher (HEAM)                 Turns: 915, Time: 00:05:18

Health: -5/39      AC:  5    Str: 11    XL:     5   Next: 52%
Magic:  7/7        EV: 11    Int: 16    God:
Gold:   187        SH:  0    Dex: 15    Spells: 1 memorised, 5 levels left

rFire  . . .     SeeInvis .     g - +2 short sword (drain)
rCold  . . .     Clarity  .     b - +0 ring mail
rNeg   . . .     SustAt   .     (no shield)
rPois  .         Gourm    .     (no helmet)
rElec  .         Spirit   .     (no cloak)
rCorr  .         Warding  .     (no gloves)
rMut   .         Stasis   .     (no boots)
MR     .....                    (no amulet)
Stlth  ..........               (no ring)
                                k - ring of loudness (curse)

@: not resistant to hostile enchantments, extremely unstealthy
A: no striking features
a: no special abilities


You were on level 6 of the Dungeon.
You were not hungry.

You visited 1 branch of the dungeon, and saw 7 of its levels.

You collected 187 gold pieces.

Inventory:

Hand Weapons
 a - a +0 hand crossbow
 g - a +2 short sword of draining (weapon)
Missiles
 d - 3 bolts
Armour
 b - a +0 ring mail (worn)
 j - a +0 plate armour
Jewellery
 k - a cursed ring of loudness (left hand)
Wands
 p - a wand of frost (0)
Scrolls
 n - a scroll of fear {unknown}
Potions
 m - 2 potions of cure mutation
Books
 c - a book of Debilitation

   Spells                             Type                      Level
   a - Corona                         Hexes                        1
   b - Slow                           Hexes                        2
   c - Gell's Gravitas                Hexes/Translocation          3
   d - Inner Flame                    Hexes/Fire                   3
   e - Cause Fear                     Hexes                        4
   f - Leda's Liquefaction            Hexes/Earth                  4
Comestibles
 e - 2 bread rations
 h - a meat ration
 i - a beef jerky
 l - a chunk of flesh


   Skills:
 - Level 5.3 Fighting
 * Level 1.3 Short Blades
 - Level 2.0 Crossbows
 - Level 2.1 Dodging
 - Level 1.2 Spellcasting
 - Level 3.0 Hexes


You had 5 spell levels left.
You knew the following spells:

 Your Spells              Type           Power        Failure   Level  Hunger
a - Corona                Hex            ##.....      17%         1    ##.....


Dungeon Overview and Level Annotations

Branches:
Dungeon (7/15)
 Temple: D:4-7

Altars:
Dithmenos
Gozag

Annotations:
D:5 Prince Ribbit
D:6 Edmund


Message History

The worker ant barely misses you.
Unknown command.
Drink which item? (? for menu, Esc to quit)
You feel better. The worker ant closely misses you.
You hit the worker ant.
The worker ant is moderately wounded.
The worker ant closely misses you.
You hit the worker ant.
The worker ant is moderately wounded.
The worker ant barely misses you.
You hit the worker ant.
The worker ant is heavily wounded.
The worker ant bites you.
* * * LOW HITPOINT WARNING * * *
The worker ant bites you.
* * * LOW HITPOINT WARNING * * *
You hit the worker ant but do no damage.
The worker ant is heavily wounded.
The worker ant bites you.
You die...

# .# #####.#
#.....####
#.........
#.##.#.........
......a@.......
#.##.#.........
##........
.........
#........
#........
#########


You could see a worker ant.

Vanquished Creatures
  A crimson imp (D:6)
  A hound (D:6)
  A centaur skeleton (D:5)
  3 worker ants
  A gnoll (D:1)
  An adder (D:5)
  An orc (D:3)
  3 bats
  A giant cockroach (D:3)
  2 goblins
  3 jackals (D:6)
  A giant newt (D:1)
  4 kobolds
  2 rats
25 creatures vanquished.

Notes
Turn   | Place    | Note
--------------------------------------------------------------
     0 | D:1      | 4thArraOfDagon the High Elf Arcane Marksman began the quest for the Orb.
     0 | D:1      | Reached XP level 1. HP: 13/13 MP: 3/3
    26 | D:1      | Reached XP level 2. HP: 17/19 MP: 4/4
   359 | D:4      | Found an opulent altar of Gozag.
   414 | D:5      | Entered Level 5 of the Dungeon
   423 | D:5      | Reached XP level 3. HP: 24/26 MP: 5/5
   543 | D:5      | Reached skill level 4 in Fighting
   543 | D:5      | Reached XP level 4. HP: 30/33 MP: 6/6
   559 | D:5      | Found a shadowy altar of Dithmenos.
   626 | D:5      | Noticed Prince Ribbit
   630 | D:6      | Noticed a sky beast
   643 | D:6      | Noticed Edmund
   659 | D:6      | Noticed a black bear
   707 | D:6      | Reached skill level 5 in Fighting
   707 | D:6      | Reached XP level 5. HP: 16/39 MP: 7/7
   860 | D:7      | Reached skill level 1 in Short Blades
   914 | D:6      | HP: 1/39 [worker ant (3)]
   915 | D:6      | Slain by a worker ant

Action                   |  1- 3 |  4- 6 || total
-------------------------+-------+-------++-------
Melee: Unarmed           |       |     9 ||     9
       Short sword       |       |    20 ||    20
 Fire: Hand crossbow     |    40 |    22 ||    62
Throw: Throwing net      |     1 |       ||     1
Evoke: Wand              |       |    11 ||    11
  Use: Scroll            |     4 |     1 ||     5
       Potion            |       |     5 ||     5
